Map: Tourmaline LE

Players

HISHAM

  • Race: Protoss Protoss
  • League: Diamond
  • Spawn Location: 7:00

HoldTheDoor - Winner!

  • Race: Protoss Protoss
  • League: Diamond
  • Spawn Location: 1:00

VOD

Have the link to the VOD?

Description

Time

  • Played on: May 2, 2026, 1:31 p.m.
  • Length: 5:43
Show
View Real Time Build Order
Export as new Build Order

HISHAM Protoss 

Build Orders: Oracle Opening 

Get SALT Encoding   

  12  0:09  Probe  
  13  0:32  Pylon  
  13  0:33  Probe  
  14  0:41  Assimilator  
  14  0:45  Probe  
  15  0:57  Gateway, Probe  
  16  1:10  Probe  
  17  1:25  Gateway  
  16  1:27  Probe  
  17  1:44  Cybernetics Core  
  17  1:47  Pylon  
  17  1:49  Probe  
  18  2:08  Probe  
  19  2:14  Cybernetics Core  
  19  2:16  Warp Gate  
  19  2:21  Stargate  
  19  2:24  Assimilator  
  19  2:36  Stalker  
  19  2:43  Pylon  
  21  2:52  Probe  
  22  3:04  Pylon  
  22  3:05  Probe  
  23  3:08  Stalker  
  24  3:20  Oracle  
  24  3:32  Probe  
  27  4:06  Stalker  
  27  4:07  Stalker  
  27  4:08  Probe  
  32  4:20  Probe  
  32  4:22  Nexus  
  33  4:32  Probe  
  34  4:48  Shield Battery  
  33  5:05  Pylon x2  
  32  5:14  Pylon  
Show
View Real Time Build Order
Export as new Build Order

HoldTheDoor Protoss - Winner!

Build Orders:  

Get SALT Encoding   

  12  0:00  Probe  
  13  0:12  Probe  
  14  0:18  Pylon  
  14  0:24  Probe  
  15  0:32  Probe  
  15  0:38  Gateway  
  16  0:45  Assimilator  
  16  0:52  Assimilator  
  16  1:04  Assimilator  
  16  1:06  Probe  
  17  1:15  Gateway  
  17  1:30  Probe  
  18  1:39  Cybernetics Core  
  18  1:42  Probe  
  19  1:49  Pylon  
  19  1:54  Probe  
  20  2:06  Adept x2, Probe  
  23  2:20  Warp Gate  
  25  2:24  Probe  
  26  2:40  Probe, Stalker  
  26  2:43  Sentry  
  31  2:51  Robotics Facility  
  31  2:58  Pylon  
  31  3:20  Pylon  
  31  3:37  Shield Battery  
  31  3:38  Probe  
  32  3:41  Gateway  
  32  3:42  Immortal  
  36  3:50  Probe  
  37  4:10  Stalker x2  
  37  4:15  Pylon  
  45  4:24  Immortal  
  45  4:33  Stalker  
  45  4:36  Stalker  
  49  5:09  Stalker x2  
  53  5:34  Stalker  
Tags
 
Matchup
PvP
Replay Pack
SC2Mai2026
Spawn Locations
Cross Positions
Add a new tag
Caveats
  • Supply blocks, unpowered buildings, or Contaminate may cause inaccurate times.
  • Supply counts are checked every 10 seconds.